 Dungeon Crawl Stone Soup version 0.31.0-1-g2c135a0 (webtiles) character file.

Game seed: 16584619917388953259

201 ChiliFlavouring the Ruffian (level 5, -5/50 HPs)
             Began as a Troll Shapeshifter on Jan 28, 2024.
             Slain by an ogre
             ... wielding a +0 giant club
              (24 damage)
             ... on level 3 of the Dungeon.
             The game lasted 00:05:23 (1350 turns).

ChiliFlavouring the Ruffian (Troll Shapeshifter)    Turns: 1350, Time: 00:05:23

Health: -5/50      AC:  4    Str: 30    XL:     5   Next: 50%
Magic:  4/4        EV: 10    Int:  6    God:
Gold:   126        SH:  0    Dex: 15    Spells: 4/4 levels left

rFire   . .          .
                       - Unarmed
rCold   . . .        (no shield)
rNeg    . . .        a - +0 animal skin
rPois   .            (helmet currently unavailable)
rElec   .            (cloak currently unavailable)
rCorr   .            (gloves unavailable)
SInv    .            (boots unavailable)
Will    .....        h - amulet of regeneration
Stlth   +            e - +6 ring of dexterity
HPRegen 1.88/turn    o - +6 ring of strength
MPRegen 0.09/turn

%: no passive effects
@: beast-form
A: beast (slay +2), large, unfitting armour, claws 3, regeneration 1, shaggy fur
1, tough skin 1
a: Begin Untransformation


You were on level 3 of the Dungeon.
You were a hulking beast.
You visited 1 branch of the dungeon, and saw 3 of its levels.

You collected 126 gold pieces.

Inventory:

Missiles
 j - a throwing net
 n - 4 stones (quivered)
Armour
 a - a +0 animal skin (worn)
 k - the +4 ring mail of Loss {+Blink rElec Str+2}
   (You found it on level 2 of the Dungeon)

   Str+2:     It affects your strength (+2).
   rElec:     It insulates you from electricity.
   +Blink:    It lets you blink.
Jewellery
 e - a +6 ring of dexterity (left claw)
 h - an amulet of regeneration (around neck)
 o - a +6 ring of strength (right claw)
Talismans
 c - a beast talisman (active)
 d - a flux talisman
Scrolls
 f - 2 scrolls of identify {unknown}
 g - a scroll of revelation {unknown}
 i - a scroll of brand weapon {unknown}
 l - a scroll of immolation {unknown}
 m - a scroll of fear {unknown}
Potions
 b - a potion of lignification


   Skills:
 + Level 2.6 Fighting
 - Level 1.5 Dodging
 + Level 4.3 Unarmed Combat
 + Level 4.1 Shapeshifting


You had 4 spell levels left.
You didn't know any spells.
Your spell library contained the following spells:

 Spells                   Type           Power      Damage    Failure   Level
 Sting                    Conj/Alch      0%         1d3       45%         1
 Mercury Vapours          Alch/Air       0%         N/A       58%         2
 Fugue of the Fallen      Necr           0%         N/A       83%         3
 Ozocubu's Armour         Ice            0%         N/A       83%         3
 Tukima's Dance           Hex            0%         N/A       83%         3
 Dimensional Bullseye     Hex/Tloc       0%         N/A       99%         4
 Iskenderun's Mystic Bla  Conj/Tloc      0%         2d3       99%         4
 Manifold Assault         Tloc           0%         N/A       99%         4
 Olgreb's Toxic Radiance  Alch           0%         N/A       99%         4


Dungeon Overview and Level Annotations

Branches:
Dungeon (3/15)

Altars:

Annotations:
D:3 1 transporter


Innate Abilities, Weirdness & Mutations

You are a hulking beast.
Your limbs bulge with bestial killing power. (Slay +2)
You are too large for most types of armour.
You have claws for hands.
Your natural rate of healing is unusually fast.
You are covered in fur. (AC +1)
You have tough skin. (AC +1)


Message History

o - a +6 ring of strength You feel stronger.
o - a +6 ring of strength (right claw) No target in view!
An orc comes into view. It is wielding a +0 short sword.
The orc shouts!
Found a stone staircase leading up.
The orc hits you but does no damage.
You claw the orc!
You kill the orc!
No target in view!
Found a robe.
No target in view!
Found an escape hatch in the floor.
There is an escape hatch in the floor here.
There is an escape hatch in the floor here.
Found a transporter.
Found 17 gold pieces.
An ogre comes into view. It is wielding a +0 giant club.
Found 3 stones.
Found a robe.
The goblin shouts!
The ogre shouts!
You hear an angry hiss.
An adder comes into view.
You barely miss the ogre.
The ogre hits you with a +0 giant club!!
Ouch! That really hurt!
You are too injured to fight recklessly!
The ogre attacks as it pursues you!
The ogre hits you with a +0 giant club!!
Ouch! That really hurt!
You are too injured to fight recklessly!
You are too injured to fight recklessly!
You are too injured to fight recklessly!
You are too injured to fight recklessly!
You are too injured to fight recklessly!
You barely miss the ogre. You claw the ogre!
The ogre is heavily wounded.
The ogre hits you with a +0 giant club!!
You die...

..#....# #.......#
..#)...######.......#
..#..#..............#
..#..#..............#
.....#........>######
##...........[.#
#.#.##...<....###
#.#.....#.#.....#
#######.#.###h#
#.....#.# #O# .
#.#####.# #S##### .S
#.# #...S.#####...
..# #####.#.....(.
### #.#.......
#S#....# #......+
#..............


You could see an ogre and an adder.

Vanquished Creatures
  Sigmund (D:2)
  2 adders (D:2)
  A dart slug (D:2)
  2 ribbon worms (D:2)
  An orc (D:3)
  4 endoplasms (D:1)
  A giant cockroach (D:1)
  A goblin (D:2)
  A hobgoblin (D:2)
  A quokka (D:2)
  5 ball pythons
  3 bats
  A frilled lizard (D:1)
  3 kobolds
  4 rats
31 creatures vanquished.

Notes
Turn   | Place    | Note
-------+----------+-------------------------------------------
     0 | D:1      | ChiliFlavouring the Troll Shapeshifter began the quest for
                  | the Orb.
     0 | D:1      | Reached XP level 1. HP: 18/18 MP: 0/0
   239 | D:1      | Reached skill level 1 in Fighting
   291 | D:1      | Reached XP level 2. HP: 27/27 MP: 1/1
   558 | D:2      | Identified the +4 ring mail of Loss {+Blink rElec Str+2}
   787 | D:2      | Noticed Sigmund
   802 | D:2      | Reached XP level 3. HP: 18/33 MP: 2/2
   838 | D:2      | Killed Sigmund
   839 | D:2      | Reached XP level 4. HP: 29/44 MP: 3/3
   839 | D:2      | Reached XP level 5. HP: 33/50 MP: 4/4
  1317 | D:3      | Found a transporter.
  1319 | D:3      | Noticed an ogre
  1350 | D:3      | Slain by an ogre

Illustrated notes

Levels and vault maps discovered:
D:1:      dpeg_arrival_ternary, layout_loops_ring
D:2:      layout_loops_ring, uniq_sigmund
D:3:      layout_basic, gammafunk_ghost_arena,
          hellmonk_ecumenical_altar_prayer_group

Skill      XL: |  1  2  3 |
---------------+----------+-----
Fighting       | 1 2 |  2.6
Unarmed Combat | 4 |  4.3
Shapeshifting  | 4 |  4.1
Dodging        | |  1.5

Action                     |  1- 3 |  4- 6 || total
---------------------------+-------+-------++-------
  Melee: Unarmed           |    48 |    18 ||    66
         Punch             |     1 |     1 ||     2
   Stab: Sleeping          |       |     2 ||     2
 Armour: Animal skin       |    42 |    10 ||    52
  Dodge: Dodged            |    18 |     4 ||    22
   Form: Beast             |     1 |       ||     1
